Map: Fear and Faith LE

Players

SKillous - Winner!

  • Race: Protoss Protoss
  • League: Grandmaster
  • Spawn Location: 1:00

BabyMarine

  • Race: Terran Terran
  • Spawn Location: 11:00

Event: HomeStory Cup XXIX

VOD

Have the link to the VOD?

Description

Time

  • Played on: July 4, 2026, 12:43 p.m.
  • Length: 4:33

All games in this series

Show
View Real Time Build Order
Export as new Build Order

SKillous Protoss - Winner!

Build Orders:  

Get SALT Encoding   

  8  0:01  Probe (Chrono Boost)  
  9  0:13  Probe (Chrono Boost)  
  10  0:20  Probe (Chrono Boost)  
  11  0:28  Probe  
  11  0:34  Pylon  
  12  0:40  Probe  
  13  0:52  Probe (Chrono Boost)  
  13  0:55  Gateway  
  14  1:04  Probe (Chrono Boost)  
  14  1:07  Assimilator  
  15  1:13  Probe (Chrono Boost)  
  16  1:21  Probe  
  17  1:33  Probe  
  18  1:43  Cybernetics Core  
  18  1:45  Probe  
  19  2:04  Nexus  
  19  2:10  Pylon  
  19  2:17  Stalker (Chrono Boost)  
  19  2:19  Warp Gate (Chrono Boost)  
  21  2:28  Probe  
  22  2:40  Probe  
  25  2:49  Gateway  
  23  2:51  Gateway  
  23  2:52  Probe  
  24  3:00  Stalker  
  24  3:04  Probe  
  27  3:16  Probe x2  
  29  3:28  Probe  
  29  3:31  Probe  
  31  3:34  Shield Battery  
  31  3:41  Probe  
  32  3:44  Pylon  
  32  3:52  Pylon  
  32  3:56  Probe  
  32  4:02  Stalker x3  
  38  4:05  Probe  
  39  4:12  Pylon  
  39  4:27  Adept x2  
Show
View Real Time Build Order
Export as new Build Order

BabyMarine Terran 

Build Orders: Reaper Expand 

Get SALT Encoding   

  8  0:00  SCV  
  9  0:12  SCV  
  10  0:24  SCV  
  11  0:28  Supply Depot  
  11  0:36  SCV  
  12  0:48  SCV  
  13  0:54  Barracks  
  13  1:01  SCV  
  14  1:05  Refinery  
  14  1:13  SCV  
  15  1:25  SCV  
  16  1:42  Orbital Command  
  16  1:47  Reaper  
  17  2:12  Command Center  
  17  2:14  SCV  
  18  2:21  Supply Depot  
  18  2:25  Marine  
  18  2:28  SCV  
  20  2:39  Factory  
  20  2:41  SCV  
  21  2:47  Barracks Reactor  
  21  2:52  Bunker  
  21  2:55  SCV  
  22  3:01  Refinery  
  22  3:07  SCV  
  23  3:19  SCV  
  24  3:22  Widow Mine  
  24  3:23  Orbital Command  
  26  3:32  Starport  
  26  3:34  SCV  
  26  3:37  Marine  
  26  3:38  Marine  
  29  3:44  Widow Mine  
  29  3:48  SCV  
  32  3:50  SCV  
  32  3:55  Marine  
  34  3:56  Marine  
  34  4:00  SCV  
  36  4:08  SCV, Factory Tech Lab  
  36  4:12  SCV  
  36  4:13  Marine  
Tags
 
Add a new tag
Caveats
  • Supply blocks, unpowered buildings, or Contaminate may cause inaccurate times.
  • Supply counts are checked every 10 seconds.